 Dungeon Crawl Stone Soup version 0.29.0-15-g675c0067aa (webtiles) character file.

Game seed: 16615362044316642040

82 qw the Sneak (level 4, -1/28 HPs)
             Began as a Gargoyle Delver on Sept 11, 2022.
             Slain by an iguana (3 damage)
             ... on level 4 of the Dungeon.
             The game lasted 00:00:10 (684 turns).

qw the Sneak (Gargoyle Delver)                       Turns: 684, Time: 00:00:11

Health: -1/28      AC:  6    Str: 17    XL:     4   Next: 43%
Magic:  4/4        EV: 11    Int: 11    God:
Gold:   12         SH:  0    Dex: 11    Spells: 3/3 levels left

rFire   . . .      SeeInvis .   a - +0 hand axe
rCold   . . .      Faith    .   (no shield)
rNeg    + . .      Spirit   .   b - +0 leather armour
rPois   inf        Reflect  .   (no helmet)
rElec   +          Harm     .   (no cloak)
rCorr   .          Rampage  .   (no gloves)
Will    .....                   (no boots)
Stlth   +++.......              (no amulet)
HPRegen 0.09/turn               (no ring)
MPRegen 0.09/turn               (no ring)

@: no status effects
A: sickness immunity, AC +3, negative energy resistance 1, electricity
resistance, torment resistance 1, petrification resistance
a: no special abilities


You were on level 4 of the Dungeon.
You visited 1 branch of the dungeon, and saw 2 of its levels.

You collected 12 gold pieces.


Innate Abilities, Weirdness & Mutations

You are immune to sickness and miasma.
Your stone body is resilient. (AC +3)
You are immune to poison.
You resist negative energy. (rN+)
You are resistant to electric shocks. (rElec)
You are resistant to unholy torment.
You are immune to petrification.


   Skills:
 - Level 3.2 Fighting
 + Level 3.1 Axes
 - Level 2.3 Throwing
 - Level 1.5 Dodging
 - Level 5.4 Stealth


You had 3 spell levels left.
You didn't know any spells.
Your spell library was empty.

Inventory:

Hand Weapons
 a - a +0 hand axe (weapon)
 c - a +0 club
Armour
 b - a +0 leather armour (worn)
Wands
 g - a wand of digging (3)
Potions
 d - a potion of resistance {unknown}
 e - a potion of ambrosia {unknown}
 f - a potion of haste

Dungeon Overview and Level Annotations

Branches:
Dungeon (5/15)
 Temple: D:4-7

Altars:


Message History

The iguana is moderately wounded.
The iguana completely misses you.
You hit the iguana but do no damage.
The iguana is moderately wounded.
The iguana bites you but does no damage. x2
You closely miss the iguana.
The iguana is moderately wounded.
The iguana bites you but does no damage.
You hit the iguana but do no damage.
The iguana is moderately wounded.
The iguana bites you!
You hit the iguana but do no damage.
The iguana is moderately wounded.
The iguana closely misses you.
You barely miss the iguana.
The iguana is moderately wounded.
The iguana closely misses you.
You hit the iguana but do no damage.
The iguana is moderately wounded.
The iguana bites you.
You hit the iguana.
The iguana is moderately wounded.
The iguana bites you but does no damage.
The iguana barely misses you.
You barely miss the iguana.
The iguana is moderately wounded.
The iguana bites you.
You hit the iguana but do no damage.
The iguana is moderately wounded.
The iguana misses you.
You hit the iguana.
The iguana is heavily wounded.
The iguana closely misses you.
You hit the iguana but do no damage.
The iguana is heavily wounded.
The iguana barely misses you.
You hit the iguana but do no damage.
The iguana is heavily wounded.
The iguana bites you.
You die...

.............
.!.(..#.....
.....#....
........ ##.....#
### #......# ..##
#......####. ...#
#####..l@.......
...#
#......###......
#..#
###....%##......
##.##
##(.#...l.......
##..#
##..##.###..###..
#...####..#####
..# # .....#...##
..# .........#
..# #####...##
#.(


You could see an iguana.

Vanquished Creatures
  A scorpion (D:4)
  2 adders (D:4)
  A dart slug (D:4)
  An endoplasm (D:4)
  A giant cockroach (D:4)
  A goblin (D:4)
  A hobgoblin (D:4)
8 creatures vanquished.

Notes
Turn   | Place    | Note
-------+----------+-------------------------------------------
     0 | D:5      | qw the Gargoyle Delver began the quest for the Orb.
     0 | D:5      | Reached XP level 1. HP: 14/14 MP: 1/1
     0 | D:5      | 0 ||| qw: Version: 0.1-a-118-gb4e7ce6
     0 | D:5      | 0 ||| qw: Game counter: 10403
     0 | D:5      | 0 ||| qw: Always use a shield: true
     0 | D:5      | 0 ||| qw: God list: Okawaru
     0 | D:5      | 0 ||| qw: Allow faded altars: false
     0 | D:5      | 0 ||| qw: Do Orc after D:15 true
     0 | D:5      | 0 ||| qw: Do second Lair branch before Depths: true
     0 | D:5      | 0 ||| qw: Lair rune preference: random
     0 | D:5      | 0 ||| qw: Plans: Normal
     0 | D:5      | 0 ||| PLANNING D:1-11
    20 | D:5      | 20 ||| DROPPING scroll of fog.
    21 | D:5      | 21 ||| DROPPING scroll of magic mapping.
    22 | D:5      | 22 ||| DROPPING scroll of fear.
    41 | D:4      | Reached XP level 2. HP: 18/19 MP: 2/2
   162 | D:4      | Reached skill level 3 in Axes
   201 | D:4      | Reached XP level 3. HP: 11/23 MP: 3/3
   541 | D:4      | Noticed a scorpion
   546 | D:4      | HP: 5/23 [scorpion (5)]
   547 | D:4      | Killed a scorpion
   548 | D:4      | Reached XP level 4. HP: 6/28 MP: 4/4
   649 | D:4      | 649 ||| Stepping ~*~*~tactically~*~*~ (stealth).
   662 | D:4      | 662 ||| Stepping ~*~*~tactically~*~*~ (stealth).
   665 | D:4      | 665 ||| Stepping ~*~*~tactically~*~*~ (stealth).
   666 | D:4      | 666 ||| Stepping ~*~*~tactically~*~*~ (stealth).
   668 | D:4      | 668 ||| Stepping ~*~*~tactically~*~*~ (stealth).
   678 | D:4      | HP: 5/28 [iguana (6)]
   680 | D:4      | HP: 2/28 [iguana (4)]
   684 | D:4      | Slain by an iguana

Levels and vault maps discovered:
D:4:      layout_layer_cave, minmay_temple_entry_trees,
          ebering_ghost_rock_garden, uniq_menkaure
D:5:      layout_gridville, marbit_many_paths, xom_teletrap_fun

Skill      XL: |  1  2  3 |
---------------+----------+-----
Axes           | 2 3 |  3.1
Throwing       | 2 |  2.3
Fighting       | |  3.2
Dodging        | |  1.5
Stealth        | |  5.4

Action                   |  1- 3 |  4- 6 || total
-------------------------+-------+-------++-------
Melee: Hand axe          |    32 |    14 ||    46
Throw: Javelin           |     1 |     2 ||     3
Armor: Leather armour    |     9 |     4 ||    13
Dodge: Dodged            |    18 |     8 ||    26

Table legend:
 A = Non-vault XP
 B = Vault XP
 C = Vault XP percentage of total XP
 D = Non-vault monster count
 E = Vault monster count
 F = Vault count percentage of total count
                 A         B        C        D         E       F
            +---------+---------+-------+---------+---------+-------
      Total |     118 |       0 |   0.0 |       8 |       0 |   0.0
            +---------+---------+-------+---------+---------+-------
        D:4 |     118 |       0 |   0.0 |       8 |       0 |   0.0
            +---------+---------+-------+---------+---------+-------
